 Dungeon Crawl Stone Soup version 0.29-a0-911-g88e6f02907 (webtiles) character file.

Game seed: 5661977702195421862

282 spaghetti the Ogre Mage (level 6, -7/53 HPs)
             Began as an Ogre Fire Elementalist on July 25, 2022.
             Killed from afar by Maggie (15 damage)
             ... with a bolt of fire
             ... on level 6 of the Dungeon.
             The game lasted 00:06:36 (3519 turns).

spaghetti the Ogre Mage (Ogre Fire Elementalist)    Turns: 3519, Time: 00:06:36

Health: -7/53      AC:  4    Str: 13    XL:     6   Next: 28%
Magic:  3/13       EV:  9    Int: 18    God:
Gold:   102        SH:  0    Dex:  9    Spells: 9/15 levels left

rFire   . . .      SeeInvis .   s - +2 flail (drain) {mace}
rCold   . . .      Faith    .   (no shield)
rNeg    . . .      Spirit   .   a - +0 robe
rPois   .          Reflect  .   (helmet restricted)
rElec   .          Harm     .   m - +0 cloak
rCorr   .          Rampage  .   (gloves unavailable)
Will    .....                   (boots unavailable)
Stlth   +.........              (no amulet)
HPRegen 0.17/turn               (no ring)
MPRegen 0.13/turn               (no ring)

@: no status effects
A: large, unfitting armour, tough skin 1
a: no special abilities


You were on level 6 of the Dungeon.
You visited 1 branch of the dungeon, and saw 5 of its levels.

You collected 102 gold pieces.


Innate Abilities, Weirdness & Mutations

You are too large for most types of armour.
You have tough skin. (AC +1)


   Skills:
 - Level 1.7 Dodging
 - Level 1.4 Stealth
 * Level 5.2 Spellcasting
 - Level 1.1 Conjurations
 - Level 0.4 Hexes
 + Level 2.3 Summonings
 + Level 2.2 Translocations
 - Level 2.8 Fire Magic


You had 9 spell levels left.
You knew the following spells:

 Your Spells              Type           Power      Damage    Failure   Level
a - Foxfire               Conj/Fire      44%        2x1d6     6%          1
b - Scorch                Fire           28%        2d6       6%          2
c - Inner Flame           Hex/Fire       10%        N/A       21%         3

Your spell library contained the following spells:

 Spells                   Type           Power      Damage    Failure   Level
 Conjure Flame            Conj/Fire      11%        6-21      17%         3
 Flame Wave               Conj/Fire      11%        2d5       50%         4
 Manifold Assault         Tloc           12%        N/A       80%         5
 Summon Forest            Summ/Tloc      6%         N/A       80%         5

Inventory:

Hand Weapons
 c - a +0 whip {mace}
   (You found it on level 1 of the Dungeon)
 e - a +0 club {mace}
   (You took it off a goblin on level 1 of the Dungeon)
 g - a +0 dagger {short}
   (You took it off a kobold on level 1 of the Dungeon)
 n - a +0 short sword {short}
   (You took it off a kobold on level 1 of the Dungeon)
 o - a +0 short sword {short}
   (You took it off a kobold on level 1 of the Dungeon)
 r - a +0 dagger {short}
   (You took it off a goblin on level 1 of the Dungeon)
 s - a +2 flail of draining (weapon) {mace}
   (You took it off a gnoll on level 1 of the Dungeon)
 y - a +2 quarterstaff of chaos {staff}
   (You took it off Crazy Yiuf on level 2 of the Dungeon)
Missiles
 t - 27 stones {throwing}
 v - 4 atropa-tipped darts {throwing}
Armour
 a - a +0 robe (worn)
 m - a +0 cloak (worn)
   (You found it on level 1 of the Dungeon)
Wands
 A - a wand of mindburst (6)
   (You took it off Ijyb on level 3 of the Dungeon)
Scrolls
 d - a scroll of fear {unknown}
 f - 3 scrolls of teleportation {unknown}
 h - a scroll of amnesia {unknown}
 i - a scroll of poison {unknown}
 j - a scroll of butterflies {unknown}
 k - a scroll of vulnerability {unknown}
 l - a scroll of magic mapping {unknown}
 w - a scroll of noise {unknown}
 x - a scroll of immolation {unknown}
Potions
 b - a potion of heal wounds {@q2}
 p - 2 potions of curing {@q1}
 q - a potion of attraction {!q}
 u - a potion of lignification {unknown}
 z - a potion of cancellation {unknown}
 B - a potion of brilliance {unknown}

Dungeon Overview and Level Annotations

Branches:
Dungeon (6/15) Zot: 26472  Temple (0/1) D:5

Altars:
Elyvilon

Annotations:
D:6 Maggie

#####.#
......#
##.....###
........
#.....#
#....#
#....####
#.@F....#
##@..##.#
.....#
....)...
.........#
#...........
#...........
#...[....###


You could see Maggie and a bullfrog.


Message History

Confirm with . or Enter, or press ? or * to list all spells.
Flames lash the orc.
The orc's fire resistance burns away. 😮 HP[+1] MP[-2]
You lost 2 mp, and now have 2/13 mp.
Casting: Scorch (safe; 6% risk of failure)
Confirm with . or Enter, or press ? or * to list all spells.
Flames lash the orc.
The orc is burned terribly!
A gnoll comes into view.
It is wielding a +2 vorpal spear. 😮 MP[-2]
You lost 2 mp, and now have 0/13 mp.
Casting: Scorch (safe; 6% risk of failure)
Confirm with . or Enter, or press ? or * to list all spells.
You don't have enough magic to cast this spell.
Casting: Scorch (safe; 6% risk of failure)
Confirm with . or Enter, or press ? or * to list all spells.
You don't have enough magic to cast this spell.
You barely miss the orc.
The orc hits you with a +0 hand axe. 😮 HP[-5] MP[+1]
You take 5 damage, and now have 32/53 hp.
You hit the orc but do no damage.
The gnoll hits you from afar with a +2 vorpal spear.
* * * LOW HITPOINT WARNING * * *
The orc closely misses you. 😨 HP[-6]
You take 6 damage, and now have 26/53 hp.
You hit the orc but do no damage. You drain the orc.
You kill the orc!
The gnoll closely misses you.
The gnoll hits you from afar with a +2 vorpal spear.
* * * LOW HITPOINT WARNING * * *
x2 😨 HP[-5]
You take 5 damage, and now have 21/53 hp.
You don't have any such object.
Evoke which item? (* to show all) (? for menu, Esc to quit)
You don't have any such object.
Evoke which item? (* to show all) (? for menu, Esc to quit)
Aiming: Mindburst
Press: ? - help, Shift-Dir - straight line, f - gnoll
Aim: a gnoll, wielding a +2 vorpal spear (chance to affect: 72%)
The gnoll's mind is blasted.
The gnoll barely misses you. 😨 HP[+1]
You don't have any such object.
Evoke which item? (* to show all) (? for menu, Esc to quit)
You don't have any such object.
Evoke which item? (* to show all) (? for menu, Esc to quit)
Aiming: Mindburst
Press: ? - help, Shift-Dir - straight line, f/p - gnoll
Aim: a gnoll, wielding a +2 vorpal spear (heavily wounded, chance to affect: 72%)
The gnoll's mind is blasted!
You blow up the gnoll!
You hear a shout! x2
Found a stone staircase leading down.
Items here: )) [ ††.
A gnoll bouda and 3 gnolls come into view.
The gnoll bouda shouts!
Things that are here:
a +2 vorpal spear {polearm}; a +2 whip of flaming {mace}
Aiming: Mindburst
Press: ? - help, Shift-Dir - straight line, f - gnoll
Aim: a gnoll, wielding a +0 flail (chance to affect: 72%)
Okay, then. 😨 MP[+1] 😨 HP[+1]
The gnoll bouda barks out a call to the hunt!
The gnoll picks up the pace!
You hear a shout!
There is a stone staircase leading down here.
You hear an angry hiss.
You climb downwards.
Maggie shouts!
The bullfrog croaks.
There is a stone staircase leading up here.
Unknown command.
Unknown command.
Aiming: Mindburst
Press: ? - help, Shift-Dir - straight line, f - Maggie
Aim: Maggie, wielding a +1 vorpal glaive, wearing +0 steam dragon scales and carrying a wand of flame (12) (chance to affect: 64%) Maggie struggles to resist.
Maggie hits you with a +1 vorpal glaive.
* * * LOW HITPOINT WARNING * * *
x2 😨 HP[-3] MP[+1]
You take 3 damage, and now have 20/53 hp.
Aiming: Mindburst
Press: ? - help, Shift-Dir - straight line, f/p - Maggie
Aim: Maggie, wielding a +1 vorpal glaive, wearing +0 steam dragon scales and carrying a wand of flame (12) (chance to affect: 64%) Maggie's mind is blasted!
The bullfrog hits you!
* * * LOW HITPOINT WARNING * * *
The bullfrog hits you but does no damage.
Maggie zaps a wand.
The puff of flame hits you.
* * * LOW HITPOINT WARNING * * *
😱 HP[-12]
You take 12 damage, and now have 8/53 hp.
MASSIVE DAMAGE!! (PAUSE)
Aiming: Mindburst
Press: ? - help, Shift-Dir - straight line, f/p - Maggie
Aim: Maggie, wielding a +1 vorpal glaive, wearing +0 steam dragon scales and carrying a wand of flame (11) (lightly wounded, chance to affect: 64%) Maggie's mind is blasted!!
The bullfrog closely misses you.
Maggie points at you and mumbles some strange words.
The bolt of fire hits you!
You die...

Skill      XL: |  1  2  3  4  5 |
---------------+----------------+-----
Conjurations   | 1 |  1.1
Spellcasting   | 3 4 5 |  5.2
Summonings     | 1 2 |  2.3
Translocations | 1 2 |  2.2
Dodging        | |  1.7
Stealth        | |  1.4
Hexes          | |  0.4
Fire Magic     | |  2.8

Action                   |  1- 3 |  4- 6 || total
-------------------------+-------+-------++-------
Melee: Flail             |       |    19 ||    19
       Punch             |       |     1 ||     1
Throw: Dart              |       |     5 ||     5
       Stone             |       |     1 ||     1
 Cast: Foxfire           |    72 |    45 ||   117
       Scorch            |     5 |    31 ||    36
Evoke: Wand              |       |     5 ||     5
  Use: Potion            |     1 |     4 ||     5
 Stab: Invisible         |       |     1 ||     1
Armor: Robe              |     1 |    16 ||    17
Dodge: Dodged            |     5 |    26 ||    31

Levels and vault maps discovered:
D:1:      dpeg_arrival_lava_altar, layout_rooms, serial_curves, eino_curves_03,
          eino_curves_01, eino_curves_02
D:2:      layout_basic, uniq_crazy_yiuf_cottage, uniq_terence
D:3:      layout_basic, marbit_many_paths, ebering_ecumenical_altar_hall,
          uniq_ijyb
D:5:      layout_gridville, minmay_temple_entry_overgrown, cheibrodos_gnoll_hut,
          uniq_edmund
D:6:      layout_loops_ring, serial_shops, nicolae_shop_trees, uniq_maggie

Notes
Turn   | Place    | Note
-------+----------+-------------------------------------------
     0 | D:1      | spaghetti the Ogre Fire Elementalist began the quest for
                  | the Orb.
     0 | D:1      | Reached XP level 1. HP: 16/16 MP: 3/3
     0 | D:1      | magus.rc [v1.9.6]
    25 | D:1      | magus.rc [v1.9.6]
    36 | D:1      | Reached skill level 1 in Conjurations
    75 | D:1      | Found a white marble altar of Elyvilon.
   364 | D:1      | Reached XP level 2. HP: 24/24 MP: 0/5
   431 | D:1      | You add the spells Summon Forest and Manifold Assault to
                  | your library.
   431 | D:1      | Got the Atlas of Damaging Direction
   644 | D:1      | Reached skill level 3 in Spellcasting
   973 | D:1      | Reached XP level 3. HP: 31/31 MP: 1/7
  1318 | D:1      | Learned a level 2 spell: Scorch
  1322 | D:1      | Learned a level 3 spell: Inner Flame
  1470 | D:2      | Reached skill level 1 in Summonings
  1471 | D:2      | Reached skill level 1 in Translocations
  1471 | D:2      | Reached XP level 4. HP: 14/39 MP: 3/9
  2336 | D:2      | Noticed Terence
  2350 | D:2      | HP: 9/39 [Terence/+0 mace (6)]
  2352 | D:2      | Killed Terence
  2353 | D:2      | Reached skill level 4 in Spellcasting
  2615 | D:2      | Found a runed translucent door.
  2616 | D:2      | Noticed Crazy Yiuf
  2921 | D:2      | Killed Crazy Yiuf
  2922 | D:2      | Reached XP level 5. HP: 45/45 MP: 4/11
  3000 | D:3      | Noticed Ijyb
  3012 | D:3      | HP: 5/45 [disintegration (13)]
  3019 | D:3      | Killed Ijyb
  3368 | D:3      | You fall into a shaft and drop 2 floors!
  3368 | D:5      | Entered Level 5 of the Dungeon
  3372 | D:5      | Found a staircase to the Ecumenical Temple.
  3459 | D:5      | Reached skill level 2 in Summonings
  3459 | D:5      | Reached skill level 2 in Translocations
  3499 | D:5      | Reached skill level 5 in Spellcasting
  3499 | D:5      | Reached XP level 6. HP: 36/53 MP: 6/13
  3516 | D:6      | Noticed Maggie
  3518 | D:6      | HP: 13/53 [bullfrog (7)]
  3519 | D:6      | Killed from afar by Maggie

Vanquished Creatures
  2 orc priests (D:5)
  A jelly (D:5)
  Crazy Yiuf (D:2)
  Ijyb (D:3)
  Terence (D:2)
  4 gnolls
  2 adders (D:3)
  2 dart slugs
  2 orcs
  4 bats
  5 endoplasms
  3 giant cockroaches
  4 hobgoblins
  5 jackals
  5 ball pythons
  3 frilled lizards
  3 goblins
  6 kobolds
  8 rats
62 creatures vanquished.

Vanquished Creatures (collateral kills)
  A foxfire (D:5)
1 creature vanquished.

Vanquished Creatures (others)
  185 foxfires
185 creatures vanquished.

Grand Total: 248 creatures vanquished

Table legend:
 A = Non-vault XP
 B = Vault XP
 C = Vault XP percentage of total XP
 D = Non-vault monster count
 E = Vault monster count
 F = Vault count percentage of total count
                 A         B        C        D         E       F
            +---------+---------+-------+---------+---------+-------
      Total |     296 |     108 |  26.7 |      59 |       3 |   4.8
            +---------+---------+-------+---------+---------+-------
        D:1 |      59 |       0 |   0.0 |      28 |       0 |   0.0
        D:2 |      59 |      72 |  55.0 |      19 |       2 |   9.5
        D:3 |      33 |      36 |  52.2 |       5 |       1 |  16.7
        D:5 |     145 |       0 |   0.0 |       7 |       0 |   0.0
            +---------+---------+-------+---------+---------+-------

Illustrated notes

Table legend:
 A = Kills in this place as a percentage of kills in entire the game.
 B = Kills by you in this place as a percentage of kills by you in the entire game.
 C = Kills by friends in this place as a percentage of kills by friends in the entire game.
 D = Other kills in this place as a percentage of other kills in the entire game.
 E = Experience gained in this place as a percentage of experience gained in the entire game.
 F = Experience gained in this place divided by the number of levels of this place that you have seen.
                   A       B       C       D       E      F
               +-------+-------+-------+-------+-------+----------------------
         Total | 100.0 | 100.0 |   N/A |   N/A | 100.0 |  80.8
       Dungeon | 100.0 | 100.0 |   N/A |   N/A | 100.0 |  80.8
               +-------+-------+-------+-------+-------+----------------------

Table legend: (Time is in decaauts)
 A = Elapsed time spent in this place.
 B = Non-inter-level travel time spent in this place.
 C = Inter-level travel time spent in this place.
 D = Time resting spent in this place.
 E = Time spent auto-exploring this place.
 F = Levels seen in this place.
 G = Mean time per level.
                   A        B        C        D        E       F      G
               +--------+--------+--------+--------+--------+-----+--------+
         Total |   3526 |   3443 |     83 |    165 |   2871 |   5 |  705.2 |
       Dungeon |   3526 |   3443 |     83 |    165 |   2871 |   5 |  705.2 |
               +--------+--------+--------+--------+--------+-----+--------+

Top non-repeatable levels by time:
     D:2: 1546 daAuts
     D:1: 1458 daAuts
     D:3: 369 daAuts
     D:5: 149 daAuts
     D:6: 2 daAuts
